cohdb
Replays
Latest Replays
All Replays
Popular Replays
Top Player Replays
Match Explorer
How It Works
Community
CoH3 Stats
Reddit
Sign in to upload your games and track your stats! →
Sign in with Steam
Match 45426561
Unlisted
Match 45426561
Overview
Messages
Build Orders
End
Engineer Squad
Construct Barracks
Riflemen Squad
Riflemen Squad
Grenade Package
Infantry Support Center
Construct Weapon Support Center
M3 Armored Personnel Carrier
Selects Armored Battlegroup
Selects Assault Engineers
Selects M31 Recovery Vehicle
M3 Armored Personnel Carrier
Advanced Logistics
Forward Retreat Point
Selects War Machine
Assault Engineer Squad
Construct Tank Depot
Selects Strength in Steel
Forward Retreat Point
M4(105) Sherman Bulldozer
Riflemen Squad
Selects Seek and Destroy
我小叮当今晚要搞事!
男神贾队长
DarknessAngle
Mastermarius
Seven
mi prima de Cifuentes
WuTFaCe
보초입니다
0
0
Comments
sign in to comment!
No comments posted yet!